 Dungeon Crawl Stone Soup version 0.13.0-11-g0187522 (webtiles) character file.

785 Leibowitz the Ducker (level 7, -16/43 HPs)
             Began as a Kobold Fighter on Oct 18, 2013.
             Was a Follower of Makhleb.
             Demolished by an ogre
             ... wielding a +0,+0 giant spiked club
              (25 damage)
             ... on Level 5 of the Dungeon.
             The game lasted 00:15:06 (6123 turns).

Leibowitz the Ducker (Kobold Fighter)               Turns: 6123, Time: 00:15:06

HP -16/43        AC  6     Str 16      XL: 7   Next: 62%
MP   6/6         EV 18     Int  6      God: Makhleb [*.....]
Gold 207         SH 12     Dex 16      Spells:  0 memorised,  6 levels left

Res.Fire  : . . .   See Invis. : .   a - +0 short sword
Res.Cold  : . . .   Warding    : .   g - +1 robe {MR+}
Life Prot.: . . .   Conserve   : .   c - +0 buckler
Res.Poison: .       Res.Corr.  : .   (no helmet)
Res.Elec. : .       Clarity    : .   (no cloak)
Sust.Abil.: . .     Spirit.Shd : .   (no gloves)
Res.Mut.  : .       Stasis     : .   e - +2 pair of boots
Res.Rott. : .       Flight     : .   (no amulet)
Saprovore : + + .                    s - ring of teleport control
                                     i - ring of protection from magic {unknown}

@: very resistant to hostile enchantments, stealthy
A: disease resistance, blink 1, carnivore 3, saprovore 2
a: Blink, Renounce Religion, Evoke Teleport Control


You were on level 5 of the Dungeon.
You worshipped Makhleb.
Makhleb was aware of your devotion.
You were not hungry.

You visited 1 branch of the dungeon, and saw 5 of its levels.

You collected 187 gold pieces.

Inventory:

Hand weapons
 a - a +0,+0 short sword (weapon)
 q - a +1,+0 elven spear (quivered)
Missiles
 n - 17 darts
 r - 7 poisoned needles
Armour
 c - a +0 buckler (worn)
 e - a +2 pair of boots (worn)
 g - a +1 robe of magic resistance (worn)
Comestibles
 d - a meat ration
Scrolls
 b - 2 scrolls of amnesia {unknown}
 f - a scroll of magic mapping {unknown}
 h - 3 scrolls of identify {unknown}
 j - 3 scrolls of remove curse {unknown}
 l - 3 scrolls of teleportation {unknown}
 m - 2 scrolls of blinking {unknown}
 o - 2 scrolls of curse jewellery {unknown}
 p - 2 scrolls of fear {unknown}
 t - 3 scrolls of fog {unknown}
 u - a scroll of random uselessness {unknown}
Jewellery
 i - a ring of protection from magic (left hand) {unknown}
 k - an uncursed ring of magical power
 s - a ring of teleport control (right hand)
Potions
 v - 3 potions of curing


   Skills:
 * Level 4.4 Fighting
 + Level 4.2 Short Blades
 + Level 2.7 Armour
 * Level 5.8 Dodging
 * Level 3.2 Stealth
 * Level 3.5 Shields


You had 6 spell levels left.
You didn't know any spells.

Dungeon Overview and Level Annotations

Branches:
Dungeon (5/27)
 Temple: D:4-7

Altars:
Makhleb
the Shining One


Innate Abilities, Weirdness & Mutations

You recuperate from illness quickly.
You are small and have problems with some larger weapons.
You are carnivorous and can eat meat at any time.
You can eat rotten meat.
You can translocate small distances at will.


Message History

You hit the ogre but do no damage.
The ogre is severely wounded.
You hit the ogre.
The ogre is severely wounded.
The ogre closely misses you.
You completely miss the ogre.
The ogre is severely wounded.
You hit the ogre but do no damage.
The ogre is severely wounded.
The ogre misses you.
You hit the ogre but do no damage.
The ogre is severely wounded.
The ogre closely misses you.
You hit the ogre but do no damage.
The ogre is severely wounded.
You hit the ogre.
The ogre is severely wounded.
The ogre hits you with a giant spiked club!
Ouch! That really hurt!
You die...

#...## #....###
##.....#
##....###
##.....#######
##....##....###
##....#......#
#......%O...##
###....@#....#
#....###...##
###### #....##
##....##
##.O..##
##....###
#......#
###.......?#
##......##


You could see an ogre.

Vanquished Creatures
  A hungry ghost (D:4)
  A phantom (D:4)
  A hound (D:5)
  A crimson imp (D:5)
  A scorpion (D:4)
  An iguana (D:3)
  A centaur skeleton (D:5)
  3 worker ants (D:4)
  Jessica (D:3)
  4 adders
  A giant mite (D:4)
  A worm (D:2)
  A giant gecko (D:4)
  An ooze (D:2)
  4 orcs
  10 bats
  4 goblins
  10 hobgoblins
  6 jackals
  12 kobolds
  A quokka (D:4)
  A ball python (D:1)
  3 giant cockroaches
  A giant newt (D:3)
  12 rats
  2 toadstools (D:1)
85 creatures vanquished.

Vanquished Creatures (others)
  2 toadstools (D:1)
2 creatures vanquished.

Grand Total: 87 creatures vanquished

Notes
Turn   | Place    | Note
--------------------------------------------------------------
     0 | D:1      | Leibowitz, the Kobold Fighter, began the quest for the Orb.
     0 | D:1      | Reached XP level 1. HP: 14/14 MP: 0/0
   184 | D:1      | Reached XP level 2. HP: 17/19 MP: 1/1
   704 | D:1      | Reached XP level 3. HP: 24/24 MP: 2/2
   798 | D:2      | Reached skill level 1 in Dodging
  1135 | D:2      | Reached XP level 4. HP: 23/28 MP: 3/3
  1305 | D:2      | Paralysed by a potion of paralysis for 3 turns
  1763 | D:3      | Noticed Jessica
  1826 | D:3      | Killed Jessica
  1959 | D:3      | Reached skill level 1 in Stealth
  2333 | D:3      | Found a burning altar of Makhleb.
  2337 | D:3      | Found a glowing golden altar of the Shining One.
  2339 | D:3      | Became a worshipper of Makhleb the Destroyer
  2487 | D:3      | Reached XP level 5. HP: 29/33 MP: 4/4
  3778 | D:4      | Acquired Makhleb's first power
  3849 | D:4      | Reached skill level 4 in Fighting
  3849 | D:4      | Reached XP level 6. HP: 34/39 MP: 5/5
  4149 | D:4      | Gained mutation: Your natural rate of healing is unusually fast. [potion of mutation]
  4149 | D:4      | Gained mutation: You can translocate small distances at will. [potion of mutation]
  4149 | D:4      | Lost mutation: Your natural rate of healing is unusually fast. [potion of mutation]
  4197 | D:4      | Noticed a hungry ghost
  4222 | D:4      | Killed a hungry ghost
  4526 | D:4      | Noticed a phantom
  4573 | D:4      | Killed a phantom
  4573 | D:4      | Reached skill level 5 in Dodging
  4573 | D:4      | Reached XP level 7. HP: 14/43 MP: 6/6
  5435 | D:5      | Entered Level 5 of the Dungeon
  6123 | D:5      | Demolished by an ogre

Action                   |  1- 3 |  4- 6 |  7- 9 || total
-------------------------+-------+-------+-------++-------
Melee: Short sword       |   138 |   289 |   180 ||   607
Throw: Dart              |     8 |     5 |     5 ||    18
       Spear             |     4 |     2 |     1 ||     7
  Use: Potion            |       |    11 |     1 ||    12
 Stab: Sleeping          |       |     6 |     2 ||     8
